| TOP OF THE 1ST |
|
Burlington Royals batting - Pitching for Cleveland (APP) Indians : LHP Kenji Yokoyama
|
|
Pitching: LHP Kenji Yokoyama
|
|
|
Batting: RHB Tim Persson
|
0-0: Called Strike 0-1: SINGLE (Groundball, 56D, EV 109.4 MPH)
|
|
Batting: LHB Ernesto Abreu
|
0-0: Ball Tim Persson steals 2nd base 1-0: Foul Ball, location: 2F 1-1: Fly out, F9 (Flyball, 9, EV 93.8 MPH)
|
|
Batting: SHB Manny Berrones
|
0-0: Ball Tim Persson steals 3rd base 1-0: Called Strike 1-1: Ball 2-1: Ground out 1-3 (Groundball, 15S, EV 66.2 MPH)
|
|
Batting: SHB Danny Ballenger
|
0-0: Swinging Strike Passed Ball! Tim Persson scores 0-1: Foul Ball, location: 2F 0-2: Ball 1-2: Strikes out swinging
|
| Top of the 1st over - 1 run, 1 hit, 0 errors, 0 left on base; Burlington 1 - Cleveland (APP) 0 |
| BOTTOM OF THE 1ST |
|
Cleveland (APP) Indians batting - Pitching for Burlington Royals : RHP Matthew Orphan
|
|
Pitching: RHP Matthew Orphan
|
|
|
Batting: RHB John Clark
|
0-0: Called Strike 0-1: Ball 1-1: Ball 2-1: Ball 3-1: Ground out 6-3 (Groundball, 6, EV 80.6 MPH)
|
|
Batting: RHB Carlos Manriquez
|
0-0: Ball 1-0: Ground out 6-3 (Groundball, 6, EV 83.1 MPH)
|
|
Batting: RHB Juan Gallardo
|
0-0: Ball 1-0: Fly out, F9 (Flyball, 89D, EV 86.9 MPH)
|
| Bottom of the 1st over - 0 runs, 0 hits, 0 errors, 0 left on base; Burlington 1 - Cleveland (APP) 0 |
| TOP OF THE 2ND |
|
Burlington Royals batting - Pitching for Cleveland (APP) Indians : LHP Kenji Yokoyama
|
|
Batting: RHB Rob Ward
|
0-0: Ball 1-0: Swinging Strike 1-1: Ball 2-1: SINGLE (Groundball, 6, EV 95.6 MPH)
|
|
Batting: LHB Bobby Gonzalez
|
0-0: Ball 1-0: Swinging Strike 1-1: Called Strike 1-2: Strikes out swinging
|
|
Batting: SHB Marcos Cortez
|
0-0: Ball 1-0: Called Strike 1-1: Fly out, F8 (Flyball, 8LD, EV 91.2 MPH)
|
|
Batting: RHB Shane Bruce
|
0-0: Swinging Strike 0-1: Ball 1-1: Called Strike 1-2: Foul Ball, location: 2F 1-2: Ball Passed Ball! Rob Ward to second 2-2: Foul Ball, location: 2F 2-2: Foul Ball, location: 2F 2-2: Ball Wild Pitch! Rob Ward to third 3-2: Strikes out swinging
|
| Top of the 2nd over - 0 runs, 1 hit, 0 errors, 1 left on base; Burlington 1 - Cleveland (APP) 0 |
| BOTTOM OF THE 2ND |
|
Cleveland (APP) Indians batting - Pitching for Burlington Royals : RHP Matthew Orphan
|
|
Batting: RHB Luis Roman
|
0-0: Called Strike 0-1: Ball 1-1: Ball 2-1: Ground out 3-1 (Groundball, 34S, EV 87.5 MPH)
|
|
Batting: RHB Joe Shade
|
0-0: Foul Ball, location: 2F 0-1: Foul Ball, location: 2F 0-2: Foul Ball, location: 2F 0-2: Fly out, F8 (Flyball, 8RD, EV 109.4 MPH)
|
|
Batting: LHB Heath Ryland
|
0-0: Ball 1-0: Called Strike 1-1: Foul Ball, location: 2F 1-2: Foul Ball, location: 2F 1-2: Ground out 1-3 (Groundball, 15S, EV 57.5 MPH)
|
| Bottom of the 2nd over - 0 runs, 0 hits, 0 errors, 0 left on base; Burlington 1 - Cleveland (APP) 0 |
| TOP OF THE 3RD |
|
Burlington Royals batting - Pitching for Cleveland (APP) Indians : LHP Kenji Yokoyama
|
|
Batting: RHB Tim Tucker
|
0-0: Ball 1-0: Called Strike 1-1: Ground out 1-3 (Groundball, 13S, EV 69.4 MPH)
|
|
Batting: RHB Tim Persson
|
0-0: TRIPLE (Groundball, 3L, EV 100.0 MPH)
|
|
Batting: LHB Ernesto Abreu
|
0-0: Ball 1-0: Foul Ball, location: 2F 1-1: Ball Passed Ball! Tim Persson scores 2-1: DOUBLE (Flyball, 89D, EV 101.2 MPH)
|
|
Batting: SHB Manny Berrones
|
0-0: Called Strike 0-1: Foul Ball, location: 2F 0-2: Ground out 6-3 (Groundball, 6, EV 75.6 MPH) Ernesto Abreu to third
|
|
Batting: SHB Danny Ballenger
|
0-0: Ball 1-0: Ball 2-0: Ball Wild Pitch! Ernesto Abreu scores 3-0: Base on Balls
|
|
Batting: RHB Rob Ward
|
0-0: Foul Ball, location: 2F 0-1: Ball Passed Ball! Danny Ballenger to second 1-1: Called Strike 1-2: Ball 2-2: Foul Ball, location: 2F 2-2: Reached on error, E6 (Groundball, 6, EV 106.9 MPH) Danny Ballenger to third
|
|
Batting: LHB Bobby Gonzalez
|
0-0: Ball 1-0: Ball Wild Pitch! Danny Ballenger scores Rob Ward to second 2-0: Foul Ball, location: 2F 2-1: Fly out, F7 (Flyball, 78D, EV 91.2 MPH)
|
| Top of the 3rd over - 3 runs, 2 hits, 1 error, 1 left on base; Burlington 4 - Cleveland (APP) 0 |
| BOTTOM OF THE 3RD |
|
Cleveland (APP) Indians batting - Pitching for Burlington Royals : RHP Matthew Orphan
|
|
Batting: RHB Ken Shear
|
0-0: Called Strike 0-1: Ball 1-1: Called Strike 1-2: Ball 2-2: Strikes out swinging
|
|
Batting: LHB Jose Esteban
|
0-0: Called Strike 0-1: Ball 1-1: SINGLE (Groundball, 34D, EV 95.6 MPH)
|
|
Batting: SHB Mike Shields
|
0-0: Bunt missed! 0-1: Bunted foul 0-2: Ball 1-2: Ball 2-2: Sac Bunt to P - play at first, batter OUT! 1-3 Jose Esteban to second
|
|
Batting: RHB John Clark
|
0-0: Ball 1-0: Ground out 5-3 (Groundball, 5, EV 83.1 MPH)
|
| Bottom of the 3rd over - 0 runs, 1 hit, 0 errors, 1 left on base; Burlington 4 - Cleveland (APP) 0 |
| TOP OF THE 4TH |
|
Burlington Royals batting - Pitching for Cleveland (APP) Indians : LHP Kenji Yokoyama
|
|
Batting: SHB Marcos Cortez
|
0-0: Called Strike 0-1: Foul Ball, location: 2F 0-2: Ball 1-2: Ball 2-2: Foul Ball, location: 2F 2-2: Strikes out swinging
|
|
Batting: RHB Shane Bruce
|
0-0: SINGLE (Groundball, 6D, EV 108.1 MPH)
|
|
Batting: RHB Tim Tucker
|
0-0: Sac Bunt to 15S - play at first, batter OUT! 1-3 Shane Bruce to second
|
|
Batting: RHB Tim Persson
|
0-0: Called Strike 0-1: Swinging Strike 0-2: Ball Passed Ball! Shane Bruce to third 1-2: Ball Passed Ball! Shane Bruce scores 2-2: Strikes out swinging
|
| Top of the 4th over - 1 run, 1 hit, 0 errors, 0 left on base; Burlington 5 - Cleveland (APP) 0 |
| BOTTOM OF THE 4TH |
|
Cleveland (APP) Indians batting - Pitching for Burlington Royals : RHP Matthew Orphan
|
|
Batting: RHB Carlos Manriquez
|
0-0: Foul Ball, location: 2F 0-1: Ball 1-1: Called Strike 1-2: Ball 2-2: Ground out 4-3 (Groundball, 4, EV 86.2 MPH)
|
|
Batting: RHB Juan Gallardo
|
0-0: Ball 1-0: Called Strike 1-1: Ball 2-1: Swinging Strike 2-2: Fly out, F8 (Line Drive, 8RM, EV 93.8 MPH)
|
|
Batting: RHB Luis Roman
|
0-0: Ball 1-0: Swinging Strike 1-1: Called Strike 1-2: Strikes out swinging
|
| Bottom of the 4th over - 0 runs, 0 hits, 0 errors, 0 left on base; Burlington 5 - Cleveland (APP) 0 |
| TOP OF THE 5TH |
|
Burlington Royals batting - Pitching for Cleveland (APP) Indians : LHP Kenji Yokoyama
|
|
Batting: LHB Ernesto Abreu
|
0-0: Ball 1-0: Foul Ball, location: 2F 1-1: Foul Ball, location: 2F 1-2: Ball 2-2: Fly out, F9 (Line Drive, 9, EV 88.8 MPH)
|
|
Batting: SHB Manny Berrones
|
0-0: Ball 1-0: Foul Ball, location: 2F 1-1: Called Strike 1-2: Ground out 6-3 (Groundball, 6S, EV 85.0 MPH)
|
|
Batting: SHB Danny Ballenger
|
0-0: Swinging Strike 0-1: Swinging Strike 0-2: Ball 1-2: Ball 2-2: Ball 3-2: Base on Balls
|
|
Batting: RHB Rob Ward
|
0-0: Called Strike 0-1: Ball 1-1: Called Strike 1-2: Ball Passed Ball! Danny Ballenger to second 2-2: Ball Passed Ball! Danny Ballenger to third 3-2: Strikes out swinging
|
| Top of the 5th over - 0 runs, 0 hits, 0 errors, 1 left on base; Burlington 5 - Cleveland (APP) 0 |
| BOTTOM OF THE 5TH |
|
Cleveland (APP) Indians batting - Pitching for Burlington Royals : RHP Matthew Orphan
|
|
Batting: RHB Joe Shade
|
0-0: Ball 1-0: Ball 2-0: Fly out, F7 (Flyball, 7LM, EV 89.4 MPH)
|
|
Batting: LHB Heath Ryland
|
0-0: Fly out, F9 (Flyball, 9D, EV 105.6 MPH)
|
|
Batting: RHB Ken Shear
|
0-0: Called Strike 0-1: Ball 1-1: Swinging Strike 1-2: SINGLE (Groundball, 6MD, EV 100.0 MPH)
|
|
Batting: LHB Jose Esteban
|
0-0: Ball 1-0: Foul Ball, location: 2F 1-1: Foul Ball, location: 2F 1-2: Fly out, F8 (Line Drive, 8LM, EV 90.6 MPH)
|
| Bottom of the 5th over - 0 runs, 1 hit, 0 errors, 1 left on base; Burlington 5 - Cleveland (APP) 0 |
| TOP OF THE 6TH |
|
Burlington Royals batting - Pitching for Cleveland (APP) Indians : LHP Kenji Yokoyama
|
|
Pitching: RHP Gilbert Paparelli
|
|
|
Batting: LHB Bobby Gonzalez
|
0-0: Called Strike 0-1: Called Strike 0-2: Strikes out swinging
|
|
Batting: SHB Marcos Cortez
|
0-0: Foul Ball, location: 2F 0-1: Ground out 6-3 (Groundball, 6, EV 101.2 MPH)
|
|
Batting: RHB Shane Bruce
|
0-0: Ball 1-0: Called Strike 1-1: Foul Ball, location: 2F 1-2: Foul Ball, location: 2F 1-2: Fly out, F8 (Flyball, 78D, EV 98.1 MPH)
|
| Top of the 6th over - 0 runs, 0 hits, 0 errors, 0 left on base; Burlington 5 - Cleveland (APP) 0 |
| BOTTOM OF THE 6TH |
|
Cleveland (APP) Indians batting - Pitching for Burlington Royals : RHP Matthew Orphan
|
|
Batting: SHB Mike Shields
|
0-0: Fly out, F9 (Line Drive, 9, EV 99.4 MPH)
|
|
Batting: RHB John Clark
|
0-0: Called Strike 0-1: SINGLE (Groundball, 56D, EV 97.5 MPH)
|
|
Batting: RHB Carlos Manriquez
|
0-0: Ball John Clark steals 2nd base 1-0: Swinging Strike 1-1: Foul Ball, location: 2F 1-2: Foul Ball, location: 2F 1-2: Fly out, F8 (Flyball, 8LM, EV 80.6 MPH) Runner from 2nd tags up, SAFE at 3rd with throw by CF
|
|
Batting: RHB Juan Gallardo
|
0-0: Ball 1-0: Ball 2-0: Foul Ball, location: 2F 2-1: SINGLE (Line Drive, 4M, EV 98.1 MPH) John Clark scores
|
|
Batting: RHB Luis Roman
|
0-0: Ball 1-0: Called Strike 1-1: Called Strike 1-2: Reached on error, E6 (Groundball, 6M, EV 79.4 MPH) Juan Gallardo to second
|
|
Batting: RHB Joe Shade
|
0-0: Fly out, F6 (Popup, 4MD, EV 45.0 MPH)
|
| Bottom of the 6th over - 1 run, 2 hits, 1 error, 2 left on base; Burlington 5 - Cleveland (APP) 1 |
| TOP OF THE 7TH |
|
Burlington Royals batting - Pitching for Cleveland (APP) Indians : RHP Gilbert Paparelli
|
|
Batting: RHB Tim Tucker
|
0-0: Foul Ball, location: 2F 0-1: Called Strike 0-2: Ball 1-2: Ball 2-2: Strikes out looking
|
|
Batting: RHB Tim Persson
|
0-0: Called Strike 0-1: SINGLE (Flyball, 56D, EV 84.4 MPH) - OUT at second base trying to stretch hit.
|
|
Batting: LHB Ernesto Abreu
|
0-0: Ball 1-0: Ball 2-0: Ball 3-0: Base on Balls
|
|
Pitching: LHP Jordan Jimenez
|
|
|
Batting: SHB Manny Berrones
|
0-0: Called Strike 0-1: Ball Passed Ball! Ernesto Abreu to second 1-1: Ball Passed Ball! Ernesto Abreu to third 2-1: Fly out, F4 (Popup, 4, EV 58.8 MPH)
|
| Top of the 7th over - 0 runs, 1 hit, 0 errors, 1 left on base; Burlington 5 - Cleveland (APP) 1 |
| BOTTOM OF THE 7TH |
|
Cleveland (APP) Indians batting - Pitching for Burlington Royals : RHP Matthew Orphan
|
|
Batting: LHB Heath Ryland
|
0-0: Called Strike 0-1: Ball 1-1: Foul Ball, location: 2F 1-2: Ball 2-2: Strikes out swinging
|
|
Batting: RHB Ken Shear
|
0-0: Called Strike 0-1: Ball 1-1: Ball 2-1: Fly out, F2 (Popup, 23F, EV 84.4 MPH)
|
|
Batting: LHB Jose Esteban
|
0-0: Called Strike 0-1: Ball 1-1: Ground out U3 (Groundball, 3S, EV 65.0 MPH)
|
| Bottom of the 7th over - 0 runs, 0 hits, 0 errors, 0 left on base; Burlington 5 - Cleveland (APP) 1 |
| TOP OF THE 8TH |
|
Burlington Royals batting - Pitching for Cleveland (APP) Indians : LHP Jordan Jimenez
|
|
Batting: SHB Danny Ballenger
|
0-0: SINGLE (Line Drive, 89M, EV 100.6 MPH)
|
|
Batting: RHB Rob Ward
|
0-0: SINGLE (Groundball, 6D, EV 105.6 MPH) Danny Ballenger to second
|
|
Batting: LHB Bobby Gonzalez
|
0-0: Ball 1-0: Fly out, F9 (Flyball, 9LM, EV 106.2 MPH) Runner from 2nd tags up, SAFE at 3rd, no throw by RF
|
|
Batting: SHB Marcos Cortez
|
0-0: Foul Ball, location: 2F 0-1: Ball Passed Ball! Danny Ballenger scores Rob Ward to second 1-1: Ball 2-1: Ball 3-1: Called Strike 3-2: Foul Ball, location: 2F 3-2: Strikes out swinging
|
|
Batting: RHB Shane Bruce
|
0-0: Called Strike 0-1: Ball Passed Ball! Rob Ward to third 1-1: Foul Ball, location: 2F 1-2: Ball 2-2: Ball 3-2: SINGLE (Groundball, 6MD, EV 95.0 MPH) Rob Ward scores
|
|
Batting: RHB Tim Tucker
|
0-0: Called Strike 0-1: Fielders Choice at 2nd, U4 (Groundball, 4M, EV 108.1 MPH)
|
| Top of the 8th over - 2 runs, 3 hits, 0 errors, 1 left on base; Burlington 7 - Cleveland (APP) 1 |
| BOTTOM OF THE 8TH |
|
Cleveland (APP) Indians batting - Pitching for Burlington Royals : RHP Matthew Orphan
|
|
Batting: SHB Mike Shields
|
0-0: Called Strike 0-1: Swinging Strike 0-2: Ball 1-2: Ball 2-2: Ball 3-2: Base on Balls
|
|
Pitching: RHP Philip Terrell
|
|
|
Batting: RHB John Clark
|
0-0: Ball 1-0: Swinging Strike Passed Ball! Mike Shields to second 1-1: Ball 2-1: Foul Ball, location: 2F 2-2: Foul Ball, location: 2F 2-2: Foul Ball, location: 2F Balk! Mike Shields to third 2-2: Foul Ball, location: 2F 2-2: SINGLE (Groundball, 5L, EV 96.9 MPH) Mike Shields scores
|
|
Batting: RHB Carlos Manriquez
|
0-0: Called Strike 0-1: Foul Ball, location: 2F 0-2: Ball 1-2: Ball 2-2: Foul Ball, location: 2F 2-2: Ball 3-2: Foul Ball, location: 2F 3-2: Foul Ball, location: 2F 3-2: Foul Ball, location: 2F 3-2: Grounds into double play, 4-6-3 (Groundball, 4, EV 78.1 MPH)
|
|
Batting: RHB Juan Gallardo
|
0-0: Called Strike 0-1: Ball 1-1: Foul Ball, location: 2F 1-2: Strikes out swinging
|
| Bottom of the 8th over - 1 run, 1 hit, 0 errors, 0 left on base; Burlington 7 - Cleveland (APP) 2 |
| TOP OF THE 9TH |
|
Burlington Royals batting - Pitching for Cleveland (APP) Indians : LHP Jordan Jimenez
|
|
Batting: RHB Tim Persson
|
0-0: TRIPLE (Flyball, 9D, EV 104.4 MPH)
|
|
Batting: LHB Ernesto Abreu
|
0-0: Ball Wild Pitch! Tim Persson scores 1-0: Called Strike 1-1: Foul Ball, location: 2F 1-2: Ball 2-2: Foul Ball, location: 2F 2-2: Foul Ball, location: 2F 2-2: Foul Ball, location: 2F 2-2: Foul Ball, location: 2F 2-2: Foul Ball, location: 2F 2-2: Ball 3-2: SINGLE (Groundball, 4MD, EV 99.4 MPH)
|
|
Batting: SHB Manny Berrones
|
0-0: Ball Passed Ball! Ernesto Abreu to second 1-0: Called Strike 1-1: Called Strike 1-2: Strikes out swinging
|
|
Batting: SHB Danny Ballenger
|
0-0: Ball 1-0: Ball 2-0: Called Strike 2-1: Ball Wild Pitch! Ernesto Abreu to third 3-1: Base on Balls
|
|
Batting: RHB Rob Ward
|
0-0: Swinging Strike 0-1: Ball Passed Ball! Ernesto Abreu scores Danny Ballenger to second 1-1: Swinging Strike 1-2: Ball Passed Ball! Danny Ballenger to third 2-2: Ball Passed Ball! Danny Ballenger scores 3-2: Base on Balls
|
|
Batting: LHB Bobby Gonzalez
|
0-0: Swinging Strike 0-1: Ball 1-1: Ball Passed Ball! Rob Ward to second 2-1: Ball Passed Ball! Rob Ward to third 3-1: Foul Ball, location: 2F 3-2: Strikes out swinging
|
|
Batting: SHB Marcos Cortez
|
0-0: Foul Ball, location: 2F 0-1: Fly out, F8 (Line Drive, 8LD, EV 86.2 MPH)
|
| Top of the 9th over - 3 runs, 2 hits, 0 errors, 1 left on base; Burlington 10 - Cleveland (APP) 2 |
| BOTTOM OF THE 9TH |
|
Cleveland (APP) Indians batting - Pitching for Burlington Royals : RHP Philip Terrell
|
|
Batting: RHB Luis Roman
|
0-0: Ground out 6-3 (Groundball, 6, EV 90.0 MPH)
|
|
Batting: RHB Joe Shade
|
0-0: Ball 1-0: Called Strike 1-1: Ground out 4-3 (Groundball, 4, EV 84.4 MPH)
|
|
Batting: LHB Heath Ryland
|
0-0: Ball 1-0: SINGLE (Groundball, 4D, EV 94.4 MPH)
|
|
Batting: RHB Ken Shear
|
0-0: Ball 1-0: Swinging Strike 1-1: Ball 2-1: Ball 3-1: Foul Ball, location: 2F 3-2: SINGLE (Groundball, 56D, EV 94.4 MPH) Heath Ryland to second Heath Ryland to third
|
|
Batting: LHB Jose Esteban
|
0-0: Called Strike 0-1: Ball 1-1: Foul Ball, location: 2F 1-2: Ball 2-2: Fly out, F2 (Popup, 25F, EV 79.4 MPH)
|
| Bottom of the 9th over - 0 runs, 2 hits, 0 errors, 2 left on base; Burlington 10 - Cleveland (APP) 2 |
|